 Dungeon Crawl Stone Soup version 0.30.1-9-gdf580d7c3d (webtiles) character file.

Game seed: 7874834258684659089

21 Psyclone the Conjurer (level 2, 15/15 HPs)
             Began as a Deep Elf Conjurer on Oct 24, 2023.
             Quit the game on level 2 of the Dungeon.
             The game lasted 00:02:12 (1078 turns).

Psyclone the Conjurer (Deep Elf Conjurer)           Turns: 1078, Time: 00:02:13

Health: 15/15      AC:  2    Str:  4    XL:     2   Next: 62%
Magic:  7/8        EV: 12    Int: 22    God:
Gold:   85         SH:  0    Dex: 13    Spells: 5/8 levels left

rFire   . . .        h - +0 dagger (heavy)
rCold   . . .        (no shield)
rNeg    . . .        a - +0 robe
rPois   .            (no helmet)
rElec   .            (no cloak)
rCorr   .            (no gloves)
SInv    .            (no boots)
Will    .....        e - amulet of regeneration
Stlth   ++           (no ring)
HPRegen 1.02/turn    (no ring)
MPRegen 0.11/turn

%: no passive effects
@: weak-willed
A: no striking features
a: no special abilities


You were on level 2 of the Dungeon.
You visited 1 branch of the dungeon, and saw 2 of its levels.

You collected 85 gold pieces.

Inventory:

Hand Weapons
 h - a +0 heavy dagger (weapon)
Armour
 a - a +0 robe (worn)
Jewellery
 e - an amulet of regeneration (around neck)
Scrolls
 g - a scroll of amnesia
Potions
 b - a potion of magic


   Skills:
 - Level 2.4 Dodging
 - Level 2.4 Stealth
 + Level 3.8 Spellcasting
 + Level 4.8 Conjurations


You had 5 spell levels left.
You knew the following spells:

 Your Spells              Type           Power      Damage    Failure   Level
a - Magic Dart            Conj           100%       1d8       1%          1
b - Searing Ray           Conj           50%        2d6       2%          2

Your spell library contained the following spells:

 Spells                   Type           Power      Damage    Failure   Level
 Dazzling Flash           Conj/Hex       28%        N/A       13%         3
 Hailstorm                Conj/Ice       14%        3d5       13%         3
 Fulminant Prism          Conj/Hex       7%         3d7       38%         4
 Iskenderun's Mystic Bla  Conj/Tloc      14%        2d5       38%         4
 Ice Form                 Ice/Tmut       4%         N/A       75%         4
 Simulacrum               Ice/Necr       2%         N/A       100%        6


Dungeon Overview and Level Annotations

Branches:
Dungeon (2/15) Zot: 10922

Altars:


Message History

It is a scroll of amnesia.
Really abort (and waste the scroll)? [Y]es or [N]o only, please.
Really abort (and waste the scroll)? [Y]es or [N]o only, please.
Really abort (and waste the scroll)?
Okay, then.
As you read the scroll labelled RUETEG QUGISI, it crumbles to dust.
You feel strangely unstable.
It was a scroll of teleportation.
As you read the scroll labelled ATIEZO HESEUC, it crumbles to dust.
It is a scroll of brand weapon.
Your +0 dagger becomes incredibly heavy!
h - a +0 heavy dagger (weapon)
As you read the scroll labelled ROSAQA ETUL, it crumbles to dust.
It is a scroll of identify.
You don't currently have any unidentified items.
Okay, then.
Unknown command.
Unknown command.
(D) Dungeon
Where to? (? - help)
Your surroundings suddenly seem different.
(D) Dungeon
Where to? (Enter - D:2, ? - help)
A bat is nearby!
Casting: Magic Dart (safe; 1% risk of failure)
Confirm with . or Enter, or press ? or * to list all spells.
Aiming: Magic Dart (safe; 1% risk of failure)
Press: ? - help, Shift-Dir - straight line, f - bat
Aim: a bat (wandering, hasn't noticed you, 100% to hit)
The magic dart hits the bat!
You kill the bat!
You now have 7/8 mp.
There is a stone staircase leading down here.
You climb downwards.
There is a stone staircase leading up here.
Saving game... please wait.
Welcome back, Psyclone the Deep Elf Conjurer.
Press ? for a list of commands and other information.
Are you sure you want to abandon this character and quit the game? (Confirm with "yes".)

#### #@.#
#.......#
#.......#
#.......#
#########


There were no monsters in sight!

Vanquished Creatures
  3 bats (D:1)
  2 endoplasms (D:1)
  A giant cockroach (D:1)
  4 goblins (D:1)
  A hobgoblin (D:1)
  A quokka (D:1)
  A ball python (D:1)
  A frilled lizard (D:1)
  3 kobolds (D:1)
  3 rats (D:1)
20 creatures vanquished.

Notes
Turn   | Place    | Note
-------+----------+-------------------------------------------
     0 | D:1      | Psyclone the Deep Elf Conjurer began the quest for the Orb.
     0 | D:1      | Reached XP level 1. HP: 10/10 MP: 6/6
   333 | D:1      | Reached XP level 2. HP: 15/15 MP: 5/8
   389 | D:1      | Learned a level 2 spell: Searing Ray
  1078 | D:2      | Quit the game

Illustrated notes

Levels and vault maps discovered:
D:1:      scummos_arrival_gate, layout_basic, supply_closet_lemuel
D:2:      layout_basic, chequers_serial_rivers_room_b

Action                     || total
---------------------------++-------
   Cast: Magic Dart        ||    31
    Use: Scroll            ||     7
         Potion            ||     2
  Dodge: Dodged            ||     1
